| TOP OF THE 1ST |
|
Chester Pirates batting - Pitching for Trois-Riveres Aigles : RHP Won-hyung Choe
|
|
Pitching: RHP Won-hyung Choe
|
|
|
Batting: RHB Edwardo Tanchez
|
0-0: SOLO HOME RUN (Flyball, 78XD, EV 110.6 MPH), Distance : 438 ft
|
|
Batting: RHB Rafael Galicia
|
0-0: Called Strike 0-1: Swinging Strike 0-2: Ball 1-2: Ball 2-2: Foul Ball, location: 2F 2-2: Foul Ball, location: 2F 2-2: Foul Ball, location: 2F 2-2: Ball 3-2: Strikes out looking
|
|
Batting: RHB Zach Chmieleski
|
0-0: Called Strike 0-1: Fly out, F4 (Line Drive, 4M, EV 71.2 MPH)
|
|
Batting: SHB Mike Corley
|
0-0: Swinging Strike 0-1: Called Strike 0-2: SOLO HOME RUN (Flyball, 89XD, EV 107.5 MPH), Distance : 447 ft
|
|
Batting: RHB Matt Rangel
|
0-0: Foul Ball, location: 2F 0-1: Foul Ball, location: 2F 0-2: Ball 1-2: Strikes out looking
|
| Top of the 1st over - 2 runs, 2 hits, 0 errors, 0 left on base; Chester 2 - Trois-Riveres 0 |
| BOTTOM OF THE 1ST |
|
Trois-Riveres Aigles batting - Pitching for Chester Pirates : RHP Freddy Mulholland
|
|
Pitching: RHP Freddy Mulholland
|
|
|
Batting: SHB Josif Popovski
|
0-0: Ball 1-0: Foul Ball, location: 2F 1-1: Ball 2-1: Foul Ball, location: 2F 2-2: Foul Ball, location: 2F 2-2: Ball 3-2: SINGLE (Groundball, 6D, EV 99.4 MPH)
|
|
Batting: RHB Micah Logan
|
0-0: Called Strike 0-1: Ball 1-1: Called Strike 1-2: Strikes out looking
|
|
Batting: RHB Alistair Holmes
|
0-0: Swinging Strike 0-1: Ball 1-1: Fly out, F6 (Popup, 6, EV 65.0 MPH)
|
|
Batting: SHB Derek Weaver
|
0-0: Ball 1-0: Ball 2-0: Foul Ball, location: 2F 2-1: Fly out, F7 (Flyball, 78D, EV 86.9 MPH)
|
| Bottom of the 1st over - 0 runs, 1 hit, 0 errors, 1 left on base; Chester 2 - Trois-Riveres 0 |
| TOP OF THE 2ND |
|
Chester Pirates batting - Pitching for Trois-Riveres Aigles : RHP Won-hyung Choe
|
|
Batting: RHB Bob Buckler
|
0-0: Ground out 4-3 (Groundball, 4, EV 100.6 MPH)
|
|
Batting: SHB Thad Shearing
|
0-0: Foul Ball, location: 2F 0-1: Ball 1-1: Foul Ball, location: 2F 1-2: Foul Ball, location: 2F 1-2: Strikes out swinging
|
|
Batting: RHB Joe Stepnowski
|
0-0: Ball 1-0: Ball 2-0: Ball 3-0: Swinging Strike 3-1: Swinging Strike 3-2: Strikes out looking
|
| Top of the 2nd over - 0 runs, 0 hits, 0 errors, 0 left on base; Chester 2 - Trois-Riveres 0 |
| BOTTOM OF THE 2ND |
|
Trois-Riveres Aigles batting - Pitching for Chester Pirates : RHP Freddy Mulholland
|
|
Batting: RHB John Garland
|
0-0: Ball 1-0: Ball 2-0: Called Strike 2-1: Ground out 5-3 (Groundball, 5L, EV 87.5 MPH)
|
|
Batting: SHB Shafeeq bin Haytham
|
0-0: Foul Ball, location: 2F 0-1: Called Strike 0-2: Ball 1-2: Ball 2-2: Foul Ball, location: 2F 2-2: Strikes out swinging
|
|
Batting: RHB Chris Davis
|
0-0: Ball 1-0: Ground out 6-3 (Groundball, 56D, EV 87.5 MPH)
|
| Bottom of the 2nd over - 0 runs, 0 hits, 0 errors, 0 left on base; Chester 2 - Trois-Riveres 0 |
| TOP OF THE 3RD |
|
Chester Pirates batting - Pitching for Trois-Riveres Aigles : RHP Won-hyung Choe
|
|
Batting: RHB Freddy Mulholland
|
0-0: Called Strike 0-1: Foul Ball, location: 2F 0-2: Ball 1-2: Foul Ball, location: 2F 1-2: SINGLE (Groundball, 4D, EV 101.2 MPH)
|
|
Batting: RHB Edwardo Tanchez
|
0-0: Ball 1-0: Ball 2-0: Called Strike 2-1: Called Strike 2-2: Ball 3-2: Foul Ball, location: 2F 3-2: Base on Balls Freddy Mulholland to second
|
|
Batting: RHB Rafael Galicia
|
0-0: Swinging Strike 0-1: Foul Ball, location: 2F 0-2: Strikes out looking
|
|
Batting: RHB Zach Chmieleski
|
0-0: Ball 1-0: Ball 2-0: Foul Ball, location: 2F 2-1: Fly out, F8 (Line Drive, 8LS, EV 105.0 MPH)
|
|
Batting: SHB Mike Corley
|
0-0: Ball 1-0: Swinging Strike 1-1: Fly out, F3 (Line Drive, 3L, EV 72.5 MPH)
|
| Top of the 3rd over - 0 runs, 1 hit, 0 errors, 2 left on base; Chester 2 - Trois-Riveres 0 |
| BOTTOM OF THE 3RD |
|
Trois-Riveres Aigles batting - Pitching for Chester Pirates : RHP Freddy Mulholland
|
|
Batting: SHB Reed Healey
|
0-0: Ball 1-0: Ball 2-0: Ball 3-0: Called Strike 3-1: Swinging Strike 3-2: Strikes out swinging
|
|
Batting: SHB Aaron Ruscigno
|
0-0: Ball 1-0: Called Strike 1-1: Ground out 6-3 (Groundball, 6, EV 88.8 MPH)
|
|
Batting: SHB Josif Popovski
|
0-0: Foul Ball, location: 2F 0-1: Fly out, F8 (Line Drive, 8LD, EV 94.4 MPH)
|
| Bottom of the 3rd over - 0 runs, 0 hits, 0 errors, 0 left on base; Chester 2 - Trois-Riveres 0 |
| TOP OF THE 4TH |
|
Chester Pirates batting - Pitching for Trois-Riveres Aigles : RHP Won-hyung Choe
|
|
Batting: RHB Matt Rangel
|
0-0: Ball 1-0: Called Strike 1-1: Ground out 5-3 (Groundball, 56, EV 85.6 MPH)
|
|
Batting: RHB Bob Buckler
|
0-0: Ball 1-0: Called Strike 1-1: Swinging Strike 1-2: Strikes out swinging
|
|
Batting: SHB Thad Shearing
|
0-0: Foul Ball, location: 2F 0-1: Foul Ball, location: 2F 0-2: Foul Ball, location: 2F 0-2: Ball 1-2: Strikes out swinging
|
| Top of the 4th over - 0 runs, 0 hits, 0 errors, 0 left on base; Chester 2 - Trois-Riveres 0 |
| BOTTOM OF THE 4TH |
|
Trois-Riveres Aigles batting - Pitching for Chester Pirates : RHP Freddy Mulholland
|
|
Batting: RHB Micah Logan
|
0-0: Ball 1-0: SINGLE (Groundball, 34D, EV 101.9 MPH)
|
|
Batting: RHB Alistair Holmes
|
0-0: Ball 1-0: Ball 2-0: Foul Ball, location: 2F 2-1: Called Strike 2-2: Foul Ball, location: 2F 2-2: Ball 3-2: Fielders Choice at 2nd, 6-4 (Groundball, 6S, EV 88.8 MPH)
|
|
Batting: SHB Derek Weaver
|
0-0: Ball 1-0: Foul Ball, location: 2F 1-1: Ball 2-1: Called Strike 2-2: Ball 3-2: Foul Ball, location: 2F 3-2: SINGLE (Line Drive, 3L, EV 101.9 MPH) Alistair Holmes to second
|
|
Batting: RHB John Garland
|
0-0: Swinging Strike 0-1: Ball 1-1: Called Strike 1-2: Ground out 3-1 (Groundball, 13, EV 87.5 MPH) Alistair Holmes to third Derek Weaver to second
|
|
Batting: SHB Shafeeq bin Haytham
|
0-0: Ground out 6-3 (Groundball, 6, EV 81.2 MPH)
|
| Bottom of the 4th over - 0 runs, 2 hits, 0 errors, 2 left on base; Chester 2 - Trois-Riveres 0 |
| TOP OF THE 5TH |
|
Chester Pirates batting - Pitching for Trois-Riveres Aigles : RHP Won-hyung Choe
|
|
Batting: RHB Joe Stepnowski
|
0-0: Called Strike 0-1: Ball 1-1: Called Strike 1-2: Foul Ball, location: 2F 1-2: Strikes out swinging
|
|
Batting: RHB Freddy Mulholland
|
0-0: Ball 1-0: Ground out 4-3 (Groundball, 4, EV 98.8 MPH)
|
|
Batting: RHB Edwardo Tanchez
|
0-0: Swinging Strike 0-1: Swinging Strike 0-2: Ball 1-2: Foul Ball, location: 2F 1-2: Strikes out swinging
|
| Top of the 5th over - 0 runs, 0 hits, 0 errors, 0 left on base; Chester 2 - Trois-Riveres 0 |
| BOTTOM OF THE 5TH |
|
Trois-Riveres Aigles batting - Pitching for Chester Pirates : RHP Freddy Mulholland
|
|
Batting: RHB Chris Davis
|
0-0: Ball 1-0: Ball 2-0: Ball 3-0: Called Strike 3-1: DOUBLE (Line Drive, 7LM, EV 90.6 MPH)
|
|
Batting: SHB Reed Healey
|
0-0: Ball 1-0: Ball 2-0: Ball 3-0: Base on Balls
|
|
Batting: SHB Aaron Ruscigno
|
0-0: Ball 1-0: Called Strike 1-1: Fielders Choice at 2nd, 6-4 (Groundball, 6, EV 98.1 MPH) Chris Davis to third
|
|
Batting: SHB Josif Popovski
|
0-0: Ball Aaron Ruscigno is caught stealing 2nd base 2-6 1-0: Swinging Strike 1-1: Ball 2-1: Ball 3-1: Swinging Strike 3-2: Base on Balls
|
|
Pitching: RHP Bill Gomez
|
|
|
Batting: RHB Micah Logan
|
0-0: Ball 1-0: Called Strike 1-1: Fly out, F9 (Line Drive, 9, EV 90.6 MPH)
|
| Bottom of the 5th over - 0 runs, 1 hit, 0 errors, 2 left on base; Chester 2 - Trois-Riveres 0 |
| TOP OF THE 6TH |
|
Chester Pirates batting - Pitching for Trois-Riveres Aigles : RHP Won-hyung Choe
|
|
Batting: RHB Rafael Galicia
|
0-0: Ball 1-0: Foul Ball, location: 2F 1-1: Foul Ball, location: 2F 1-2: Foul Ball, location: 2F 1-2: Strikes out swinging
|
|
Batting: RHB Zach Chmieleski
|
0-0: Called Strike 0-1: Ball 1-1: Ball 2-1: Foul Ball, location: 2F 2-2: SOLO HOME RUN (Flyball, 89XD, EV 111.9 MPH), Distance : 441 ft
|
|
Batting: SHB Mike Corley
|
0-0: Ball 1-0: Foul Ball, location: 2F 1-1: Swinging Strike 1-2: Strikes out swinging
|
|
Batting: RHB Matt Rangel
|
0-0: Ball 1-0: Ground out 6-3 (Groundball, 6M, EV 81.2 MPH)
|
| Top of the 6th over - 1 run, 1 hit, 0 errors, 0 left on base; Chester 3 - Trois-Riveres 0 |
| BOTTOM OF THE 6TH |
|
Trois-Riveres Aigles batting - Pitching for Chester Pirates : RHP Bill Gomez
|
|
Batting: RHB Alistair Holmes
|
0-0: Ball 1-0: Fly out, F7 (Flyball, 78S, EV 81.9 MPH)
|
|
Batting: SHB Derek Weaver
|
0-0: Called Strike 0-1: Ball 1-1: Ball 2-1: SINGLE (Line Drive, 89S, EV 111.2 MPH)
|
|
Batting: RHB John Garland
|
0-0: Ball Derek Weaver steals 2nd base 1-0: Swinging Strike 1-1: Foul Ball, location: 2F 1-2: Fly out, F7 (Line Drive, 78M, EV 89.4 MPH)
|
|
Batting: SHB Shafeeq bin Haytham
|
0-0: Foul Ball, location: 2F 0-1: Foul Ball, location: 2F 0-2: Foul Ball, location: 2F 0-2: Fly out, F9 (Line Drive, 9, EV 98.8 MPH)
|
| Bottom of the 6th over - 0 runs, 1 hit, 0 errors, 1 left on base; Chester 3 - Trois-Riveres 0 |
| TOP OF THE 7TH |
|
Chester Pirates batting - Pitching for Trois-Riveres Aigles : RHP Won-hyung Choe
|
|
Batting: RHB Bob Buckler
|
0-0: Swinging Strike 0-1: Ball 1-1: Foul Ball, location: 2F 1-2: Strikes out swinging
|
|
Batting: SHB Thad Shearing
|
0-0: Ball 1-0: Swinging Strike 1-1: Swinging Strike 1-2: Foul Ball, location: 2F 1-2: Strikes out swinging
|
|
Batting: RHB Joe Stepnowski
|
0-0: Foul Ball, location: 2F 0-1: Ball 1-1: Called Strike 1-2: Strikes out swinging
|
| Top of the 7th over - 0 runs, 0 hits, 0 errors, 0 left on base; Chester 3 - Trois-Riveres 0 |
| BOTTOM OF THE 7TH |
|
Trois-Riveres Aigles batting - Pitching for Chester Pirates : RHP Bill Gomez
|
|
Batting: RHB Chris Davis
|
0-0: Swinging Strike 0-1: Swinging Strike 0-2: SINGLE (Flyball, 8LS, EV 100.6 MPH)
|
|
Batting: SHB Reed Healey
|
0-0: Foul Ball, location: 2F 0-1: Fly out, F6 (Popup, 6, EV 63.1 MPH)
|
|
Pinch Hitting: SHB Paul Dupuis
|
0-0: Called Strike 0-1: Ball 1-1: Grounds into double play, 6-4-3 (Groundball, 6, EV 103.1 MPH)
|
| Bottom of the 7th over - 0 runs, 1 hit, 0 errors, 0 left on base; Chester 3 - Trois-Riveres 0 |
| TOP OF THE 8TH |
|
Chester Pirates batting - Pitching for Trois-Riveres Aigles : RHP Won-hyung Choe
|
|
Pitching: RHP Mike Balm
|
|
|
Now in RF: Edgar Quinto
|
|
|
Batting: LHB Sean Driscoll
|
0-0: SINGLE (Line Drive, 56D, EV 96.9 MPH)
|
|
Batting: RHB Edwardo Tanchez
|
0-0: Ball 1-0: Called Strike 1-1: Fly out, F7 (Flyball, 7D, EV 100.0 MPH)
|
|
Batting: RHB Rafael Galicia
|
0-0: Called Strike 0-1: Ball 1-1: Called Strike 1-2: Grounds into double play, 1-6-3 (Groundball, 13, EV 73.1 MPH)
|
| Top of the 8th over - 0 runs, 1 hit, 0 errors, 0 left on base; Chester 3 - Trois-Riveres 0 |
| BOTTOM OF THE 8TH |
|
Trois-Riveres Aigles batting - Pitching for Chester Pirates : RHP Bill Gomez
|
|
Batting: SHB Josif Popovski
|
0-0: Ball 1-0: Ball 2-0: Called Strike 2-1: Ball 3-1: Called Strike 3-2: Base on Balls
|
|
Batting: RHB Micah Logan
|
0-0: SINGLE (Groundball, 6MD, EV 93.8 MPH) Josif Popovski to second Runner from 2nd tries for 3rd, SAFE, throw by CF made to third
|
|
Batting: RHB Alistair Holmes
|
0-0: Ball 1-0: Fly out, F8 (Flyball, 8RM, EV 86.9 MPH) Runner from 3rd tags up, SCORES, no throw by CF
|
|
Batting: SHB Derek Weaver
|
0-0: Ball 1-0: Ball 2-0: 2-RUN HOME RUN (Flyball, 89XD, EV 101.2 MPH), Distance : 429 ft
|
|
Pitching: RHP Colin Walker
|
|
|
Pinch Hitting: RHB Christopher Arnett
|
0-0: Swinging Strike 0-1: Swinging Strike 0-2: Ball 1-2: Ball 2-2: SINGLE (Line Drive, 34D, EV 98.8 MPH)
|
|
Batting: SHB Shafeeq bin Haytham
|
0-0: Called Strike 0-1: Ball 1-1: Fly out, F7 (Line Drive, 7, EV 103.1 MPH)
|
|
Batting: RHB Chris Davis
|
0-0: Ball 1-0: Ball 2-0: Called Strike 2-1: Foul Ball, location: 2F 2-2: Ball 3-2: Strikes out swinging
|
| Bottom of the 8th over - 3 runs, 3 hits, 0 errors, 1 left on base; Chester 3 - Trois-Riveres 3 |
| TOP OF THE 9TH |
|
Chester Pirates batting - Pitching for Trois-Riveres Aigles : RHP Mike Balm
|
|
Now at 2B: George Connell
|
|
|
Batting: RHB Zach Chmieleski
|
0-0: Ball 1-0: Foul Ball, location: 2F 1-1: Fly out, F7 (Flyball, 7S, EV 85.6 MPH)
|
|
Batting: SHB Mike Corley
|
0-0: Ground out U3 (Groundball, 3, EV 105.6 MPH)
|
|
Batting: RHB Matt Rangel
|
0-0: Called Strike 0-1: Ball 1-1: Ball 2-1: Swinging Strike 2-2: Strikes out swinging
|
| Top of the 9th over - 0 runs, 0 hits, 0 errors, 0 left on base; Chester 3 - Trois-Riveres 3 |
| BOTTOM OF THE 9TH |
|
Trois-Riveres Aigles batting - Pitching for Chester Pirates : RHP Colin Walker
|
|
Batting: SHB Reed Healey
|
0-0: Ball 1-0: Called Strike 1-1: Called Strike 1-2: Ball 2-2: Foul Ball, location: 2F 2-2: Strikes out swinging
|
|
Pinch Hitting: RHB Danny Mota
|
0-0: Called Strike 0-1: Swinging Strike 0-2: Foul Ball, location: 2F 0-2: Strikes out swinging
|
|
Batting: SHB Josif Popovski
|
0-0: Called Strike 0-1: Foul Ball, location: 2F 0-2: Foul Ball, location: 2F 0-2: Ball 1-2: Foul Ball, location: 2F 1-2: Ball 2-2: Foul Ball, location: 2F 2-2: Foul Ball, location: 2F 2-2: Foul Ball, location: 2F 2-2: Ball 3-2: Base on Balls
|
|
Batting: RHB Micah Logan
|
0-0: Ball 1-0: Called Strike Josif Popovski steals 2nd base 1-1: SINGLE (Groundball, 6MD, EV 96.2 MPH) Josif Popovski to third Throwing error, E8 Josif Popovski scores
|
| Bottom of the 9th over - 1 run, 1 hit, 1 error, 1 left on base; Chester 3 - Trois-Riveres 4 |
|